 Dungeon Crawl Stone Soup version 0.31-a0-182-gc5ef74bbde (webtiles) character file.

Game seed: 7603536818294950289

1071 qw the Shooter (level 8, 0/63 (72) HPs)
             Began as a Naga Hunter on June 20, 2023.
             Was a Follower of Okawaru.
             Slain by Maggie
             ... wielding a +2 morningstar of draining
              (4 damage)
             ... on level 7 of the Dungeon.
             The game lasted 00:01:49 (5375 turns).

qw the Shooter (Naga Hunter)                        Turns: 5375, Time: 00:01:50

HP:   0/63 (72)     AC:  7    Str: 14    XL:     8   Next: 28%
MP:   9/11          EV: 14    Int: 10    God:    Okawaru [*.....]
Gold: 377           SH:  0    Dex: 22    Spells: 7/7 levels left

rFire   . . .        Y - +0 shortbow
rCold   + . .        (shield currently unavailable)
rNeg    . . .        c - +0 leather armour
rPois   +            o - +0 helmet "Kusy" {Will+}
rElec   .            n - +0 cloak
rCorr   .            (no gloves)
SInv    +            (no barding)
Will    ++...        (no amulet)
Stlth   ++++         b - ring of protection from cold
HPRegen 0.30/turn    g - +6 ring of dexterity
MPRegen 0.12/turn

%: no passive effects
@: short of breath, heroic, mesmerised, heavily drained, very slow
A: AC +2, large, see invisible, deformed body, poison resistance, slowness 2,
spit poison 1, naga tail 1
a: Spit Poison, Renounce Religion, Heroism


You were on level 7 of the Dungeon.
You worshipped Okawaru.
Okawaru was aware of your devotion.
You visited 2 branches of the dungeon, and saw 8 of its levels.

You collected 377 gold pieces.


Innate Abilities, Weirdness & Mutations

Your serpentine skin is tough. (AC +2)
You have supernaturally acute eyesight. (SInv)
Armour fits poorly on your strangely shaped body.
Your system is resistant to poisons. (rPois)
You cover ground very slowly.
You can spit poison.
You have a snake-like lower body.


   Skills:
 - Level 4.0(9.0) Fighting
 - Level 7.5(12.5) Ranged Weapons
 + Level 0.8(5.8) Armour
 - Level 2.7(7.7) Dodging
 - Level 1.5(6.5) Stealth
 - Level 4.0 Invocations


You had 7 spell levels left.
You didn't know any spells.
Your spell library was empty.

Inventory:

Hand Weapons
 Y - a +0 shortbow (weapon)
Armour
 c - a +0 leather armour (worn)
 n - a +0 cloak (worn)
 o - the +0 helmet "Kusy" (worn) {Will+}
   (You found it on level 6 of the Dungeon)

   Will:      It increases your willpower.
Jewellery
 b - a ring of protection from cold (left hand)
 g - a +6 ring of dexterity (right hand)
 k - the ring "Ponehaf" {rPois rF+ rC+ Int+6 Slay-5}
   (You found it on level 6 of the Dungeon)

   [ring of intelligence]

   Int:       It affects your intelligence (+6).
   Slay:      It affects your accuracy & damage with ranged weapons and melee
   (-5).
   rF:        It protects you from fire.
   rC:        It protects you from cold.
   rPois:     It protects you from poison.
Wands
 f - a wand of digging (5)
Potions
 d - a potion of curing
 e - a potion of might
 h - a potion of mutation {unknown}
 i - a potion of resistance {unknown}
 l - a potion of magic {unknown}

Dungeon Overview and Level Annotations

Branches:
Dungeon (7/15)             Temple (1/1) D:4

Altars:
Ashenzari
Elyvilon
Fedhas
Hepliaklqana
Kikubaaqudgha
Makhleb
Okawaru
Ru
Uskayaw
Vehumet
Xom
Yredelemnul
Zin
The Shining One
Lugonu

Shops:
D:1 =

Portals:
Abyss: D:6

Annotations:
D:7 Maggie


Message History

You feel drained. The orc misses you. The orc closely misses you.
5369 ||| INVOKING Heroism.
You gain the combat prowess of a mighty hero.
You have got your breath back.
The orc barely misses you. x2; Maggie misses you.
5370 ||| INVOKING Spit Poison.
Aiming: Spit Poison (1% risk of failure)
Press: ? - help, Shift-Dir - straight line, f/p - Maggie The splash of poison hits Maggie.
Maggie is poisoned.
Maggie is lightly wounded.
Maggie gives herself a magical halo, but it quickly sputters out.
Maggie completely misses you.
An orc comes into view. It is wielding a +0 club.
The orc barely misses you. The orc misses you.
You shoot an arrow. The arrow hits Maggie!
Maggie is moderately wounded.
Maggie hits you with a +2 morningstar of draining!
You feel drained. The orc completely misses you.
You shoot an arrow. The arrow barely misses Maggie.
The arrow hits the orc.
The orc is heavily wounded.
You shoot an arrow. The arrow hits Maggie!
Maggie is heavily wounded.
Maggie hits you with a +2 morningstar of draining.
You feel drained. The orc closely misses you.
You shoot an arrow. The arrow barely misses Maggie.
The arrow hits the orc.
The orc is almost dead.
You have got your breath back.
The ice beast closely misses you. The orc hits you but does no damage.
Maggie gestures wildly while chanting.
Maggie attempts to bespell you!
You are mesmerised by Maggie!
5375 ||| INVOKING Spit Poison.
Aiming: Spit Poison (1% risk of failure)
Press: ? - help, Shift-Dir - straight line, f/p - Maggie The splash of poison hits Maggie!
Maggie is heavily wounded.
The ice beast completely misses you.
Maggie hits you with a +2 morningstar of draining!
You feel drained.
You die...

#.... .. .###+#.... #+#
..
.........#+#######.###..
.........#..............
.........+..............
..o@...o.#####'##..##...
#o######.##..##...
#@Y.......+..'....
#@o.......#..#....
+.........#..#....
#...##...##..##...
#...##...###+##...
#+####....# #.... #....#
#.... #....# #<...
#....# #.... ##### #####


You could see Maggie (mesmerising, invisible, poisoned), an ice beast and 3
orcs.

Vanquished Creatures
  A steam dragon (D:6)
  2 ice beasts (D:6)
  An orc warrior (D:5)
  A phantom (D:6)
  A kobold brigand (D:6)
  A bullfrog (D:6)
  A scorpion (D:5)
  2 jellies (D:6)
  An orc priest (D:2)
  A hound (D:6)
  2 iguanas
  2 orc wizards (D:7)
  2 adders
  A river rat (D:6)
  2 shadow imps (D:5)
  2 white imps
  3 ufetubi
  4 worms
  A dart slug (D:3)
  6 orcs
  3 bats (D:1)
  9 endoplasms
  2 giant cockroaches
  11 goblins
  7 hobgoblins
  6 quokkas
  6 ball pythons
  5 frilled lizards
  8 kobolds
  9 rats
  A lurking horror (D:6)
104 creatures vanquished.

Vanquished Creatures (others)
  A lurking horror (D:6)
1 creature vanquished.

Grand Total: 105 creatures vanquished

Notes
Turn   | Place    | Note
-------+----------+-------------------------------------------
     0 | D:1      | qw the Naga Hunter began the quest for the Orb.
     0 | D:1      | Reached XP level 1. HP: 19/19 MP: 1/1
     0 | D:1      | 0 ||| qw: Version: 0.3-a-9-g12657ce
     0 | D:1      | 0 ||| qw: Game counter: 1272
     0 | D:1      | 0 ||| qw: Always use a shield: true
     0 | D:1      | 0 ||| qw: God list: Okawaru
     0 | D:1      | 0 ||| qw: Allow faded altars: false
     0 | D:1      | 0 ||| qw: Do Orc after D:15 true
     0 | D:1      | 0 ||| qw: Do second Lair branch before Depths: true
     0 | D:1      | 0 ||| qw: Lair rune preference: random
     0 | D:1      | 0 ||| qw: Plans: Normal
     0 | D:1      | 0 ||| PLANNING D:1-11
    23 | D:1      | 23 ||| INVOKING Spit Poison.
    74 | D:1      | 74 ||| INVOKING Spit Poison.
    76 | D:1      | Found Vucsant's Jewellery Emporium.
    84 | D:1      | 84 ||| SHOPLISTING +5 ring of evasion (432 gold, have 23).
    84 | D:1      | 84 ||| SHOPLISTING +6 ring of dexterity (432 gold, have
                  | 23).
    84 | D:1      | 84 ||| SHOPLISTING +6 ring of strength (432 gold, have 23).
    84 | D:1      | 84 ||| SHOPLISTING amulet of the acrobat (360 gold, have
                  | 23).
    84 | D:1      | 84 ||| SHOPLISTING ring of ice (300 gold, have 23).
    84 | D:1      | 84 ||| SHOPLISTING ring of protection from fire (300 gold,
                  | have 23).
    96 | D:1      | 96 ||| INVOKING Spit Poison.
   101 | D:1      | Reached skill level 4 in Ranged Weapons
   101 | D:1      | Reached XP level 2. HP: 23/26 MP: 2/2
   138 | D:1      | 138 ||| INVOKING Spit Poison.
   158 | D:1      | 158 ||| INVOKING Spit Poison.
   164 | D:1      | 164 ||| INVOKING Spit Poison.
   194 | D:1      | 194 ||| INVOKING Spit Poison.
   201 | D:1      | 201 ||| INVOKING Spit Poison.
   204 | D:1      | 204 ||| INVOKING Spit Poison.
   230 | D:1      | 230 ||| INVOKING Spit Poison.
   235 | D:1      | 235 ||| INVOKING Spit Poison.
   245 | D:1      | 245 ||| INVOKING Spit Poison.
   375 | D:1      | 375 ||| INVOKING Spit Poison.
   394 | D:1      | 394 ||| INVOKING Spit Poison.
   416 | D:1      | 416 ||| INVOKING Spit Poison.
   429 | D:1      | 429 ||| INVOKING Spit Poison.
   532 | D:1      | 532 ||| INVOKING Spit Poison.
   533 | D:1      | Reached XP level 3. HP: 32/32 MP: 3/3
   537 | D:1      | 537 ||| INVOKING Spit Poison.
   592 | D:1      | 592 ||| READING scroll labelled WIPTOA AMIT.
   593 | D:1      | 593 ||| READING 2 scrolls labelled KEQ SO LAMUEGE.
   694 | D:1      | 694 ||| DROPPING scroll of butterflies.
   695 | D:1      | 695 ||| DROPPING scroll of silence.
   727 | D:2      | 727 ||| INVOKING Spit Poison.
   736 | D:2      | 736 ||| INVOKING Spit Poison.
   742 | D:2      | 742 ||| INVOKING Spit Poison.
   795 | D:2      | 795 ||| INVOKING Spit Poison.
   839 | D:2      | 839 ||| INVOKING Spit Poison.
   844 | D:2      | 844 ||| INVOKING Spit Poison.
   847 | D:2      | 847 ||| INVOKING Spit Poison.
   851 | D:2      | HP: 5/32 [orc priest/divine providence (10)]
   854 | D:2      | Reached skill level 5 in Ranged Weapons
   854 | D:2      | Reached XP level 4. HP: 7/39 MP: 4/4
   855 | D:2      | 855 ||| INVOKING Spit Poison.
  1104 | D:2      | 1104 ||| INVOKING Spit Poison.
  1186 | D:2      | 1186 ||| INVOKING Spit Poison.
  1190 | D:2      | 1190 ||| INVOKING Spit Poison.
  1250 | D:2      | 1250 ||| INVOKING Spit Poison.
  1257 | D:2      | 1257 ||| INVOKING Spit Poison.
  1270 | D:2      | 1270 ||| INVOKING Spit Poison.
  1288 | D:2      | You fall into a shaft and drop 2 floors!
  1324 | D:4      | 1324 ||| INVOKING Spit Poison.
  1328 | D:4      | 1328 ||| INVOKING Spit Poison.
  1366 | D:4      | 1366 ||| INVOKING Spit Poison.
  1369 | D:4      | Reached skill level 3 in Fighting
  1372 | D:4      | 1372 ||| INVOKING Spit Poison.
  1461 | D:4      | 1461 ||| INVOKING Spit Poison.
  1462 | D:4      | Reached XP level 5. HP: 49/49 MP: 5/5
  1589 | D:4      | Found a staircase to the Ecumenical Temple.
  1590 | D:4      | 1590 ||| PLANNING TEMPLE
  1590 | D:4      | 1590 ||| READING scroll labelled FAVIENA FOLIWAG.
  1591 | D:4      | 1591 ||| READING scroll labelled CAN SOSHREATUA.
  1597 | Temple   | Entered the Ecumenical Temple
  1647 | Temple   | 1647 ||| PLANNING OKAWARU WORSHIP
  1679 | Temple   | Became a worshipper of Warmaster Okawaru
  1680 | Temple   | 1680 ||| PLANNING D:1-11
  1805 | D:3      | 1805 ||| INVOKING Spit Poison.
  1814 | D:3      | 1814 ||| INVOKING Spit Poison.
  1823 | D:3      | 1823 ||| INVOKING Spit Poison.
  1826 | D:3      | 1826 ||| INVOKING Spit Poison.
  1830 | D:3      | 1830 ||| INVOKING Spit Poison.
  1833 | D:3      | 1833 ||| INVOKING Spit Poison.
  1863 | D:3      | 1863 ||| DRINKING 2 fuming emerald potions.
  1970 | D:3      | 1970 ||| INVOKING Spit Poison.
  1979 | D:3      | 1979 ||| INVOKING Spit Poison.
  1984 | D:3      | 1984 ||| INVOKING Spit Poison.
  2069 | D:3      | 2069 ||| INVOKING Spit Poison.
  2073 | D:3      | 2073 ||| INVOKING Spit Poison.
  2081 | D:3      | 2081 ||| INVOKING Spit Poison.
  2082 | D:3      | 2082 ||| INVOKING Spit Poison.
  2125 | D:3      | Found a hide-covered altar of Uskayaw.
  2131 | D:3      | Noticed a +0 dagger
  2132 | D:3      | Noticed a +0 dagger
  2137 | D:3      | 2137 ||| UPGRADING to +0 helmet.
  2173 | D:3      | 2173 ||| INVOKING Spit Poison.
  2268 | D:3      | Found a burning altar of Makhleb.
  2272 | D:3      | 2272 ||| INVOKING Spit Poison.
  2276 | D:3      | 2276 ||| INVOKING Spit Poison.
  2497 | D:4      | 2497 ||| INVOKING Spit Poison.
  2873 | D:4      | 2873 ||| READING scroll labelled JOKINA NOBLYA.
  2933 | D:5      | Entered Level 5 of the Dungeon
  2993 | D:5      | 2993 ||| INVOKING Spit Poison.
  2996 | D:5      | 2996 ||| INVOKING Spit Poison.
  2997 | D:5      | Reached skill level 6 in Ranged Weapons
  2997 | D:5      | Reached XP level 6. HP: 56/56 MP: 6/6
  3010 | D:5      | 3010 ||| INVOKING Spit Poison.
  3042 | D:5      | Noticed an orc warrior
  3043 | D:5      | 3043 ||| INVOKING Spit Poison.
  3047 | D:5      | 3047 ||| INVOKING Spit Poison.
  3052 | D:5      | 3052 ||| INVOKING Spit Poison.
  3052 | D:5      | Killed an orc warrior
  3052 | D:5      | Reached * piety under Okawaru
  3053 | D:5      | 3053 ||| INVOKING Heroism.
  3553 | D:5      | 3553 ||| UPGRADING to ring of protection from cold.
  3554 | D:5      | 3554 ||| READING scroll labelled LYSSYA ZUPU.
  3647 | D:5      | 3647 ||| DRINKING 2 puce potions.
  3648 | D:5      | 3648 ||| DRINKING 2 murky golden potions.
  3698 | D:5      | 3698 ||| DROPPING potion of lignification.
  3728 | D:6      | 3728 ||| PLANNING SEWER
  3728 | D:6      | 3728 ||| INVOKING Spit Poison.
  3733 | D:6      | 3733 ||| STAIRDANCE
  3735 | D:5      | 3735 ||| INVOKING Spit Poison.
  3840 | D:6      | Noticed an ice beast
  3853 | D:6      | HP: 8/57 [ice beast (7)]
  3857 | D:6      | Killed an ice beast
  3858 | D:6      | Reached XP level 7. HP: 10/64 MP: 7/7
  4039 | D:6      | 4039 ||| INVOKING Spit Poison.
  4147 | D:6      | Found a one-way gate to the infinite horrors of the Abyss.
  4147 | D:6      | Found a corrupted altar of Lugonu.
  4164 | D:6      | Identified the ring "Ponehaf" {rPois rF+ rC+ Int+6 Slay-5}
  4254 | D:6      | 4254 ||| INVOKING Heroism.
  4255 | D:6      | 4255 ||| INVOKING Heroism.
  4288 | D:6      | 4288 ||| INVOKING Spit Poison.
  4291 | D:6      | 4291 ||| INVOKING Spit Poison.
  4295 | D:6      | 4295 ||| INVOKING Spit Poison.
  4298 | D:6      | 4298 ||| INVOKING Spit Poison.
  4300 | D:6      | Reached skill level 1 in Invocations
  4372 | D:6      | 4372 ||| RIP SEWER
  4391 | D:6      | 4391 ||| PLANNING D:1-11
  4391 | D:6      | 4391 ||| INVOKING Spit Poison.
  4394 | D:6      | 4394 ||| INVOKING Spit Poison.
  4442 | D:6      | 4442 ||| INVOKING Heroism.
  4450 | D:6      | Reached skill level 7 in Ranged Weapons
  4601 | D:6      | 4601 ||| INVOKING Heroism.
  4707 | D:6      | 4707 ||| INVOKING Spit Poison.
  4709 | D:6      | Reached skill level 3 in Invocations
  4728 | D:6      | 4728 ||| INVOKING Spit Poison.
  4731 | D:6      | Reached XP level 8. HP: 72/72 MP: 10/10
  4769 | D:6      | 4769 ||| INVOKING Spit Poison.
  4825 | D:6      | 4825 ||| INVOKING Spit Poison.
  4832 | D:6      | 4832 ||| INVOKING Spit Poison.
  4835 | D:6      | 4835 ||| INVOKING Spit Poison.
  4840 | D:6      | 4840 ||| INVOKING Spit Poison.
  4843 | D:6      | 4843 ||| INVOKING Spit Poison.
  4848 | D:6      | Identified the +0 helmet "Kusy" {Will+}
  4856 | D:6      | 4856 ||| INVOKING Spit Poison.
  5052 | D:6      | 5052 ||| INVOKING Heroism.
  5053 | D:6      | 5053 ||| INVOKING Spit Poison.
  5062 | D:6      | 5062 ||| INVOKING Spit Poison.
  5063 | D:6      | HP: 15/72 [steam dragon (8)]
  5284 | D:6      | 5284 ||| UPGRADING to +0 cloak.
  5289 | D:6      | 5289 ||| UPGRADING to +0 helmet "Kusy" {Will+}.
  5299 | D:6      | 5299 ||| DROPPING +0 helmet.
  5300 | D:6      | 5300 ||| UPGRADING to +6 ring of dexterity.
  5301 | D:6      | 5301 ||| READING scroll labelled ETIHOPN JOJAEP.
  5302 | D:6      | 5302 ||| READING scroll labelled MUT SOJUDEIRUF.
  5303 | D:6      | 5303 ||| READING scroll labelled RIL OWAETRYICOLL.
  5355 | D:7      | 5355 ||| Stepping ~*~*~tactically~*~*~ (outnumbered).
  5356 | D:7      | Noticed Maggie
  5357 | D:7      | 5357 ||| Stepping ~*~*~tactically~*~*~ (outnumbered).
  5358 | D:7      | 5358 ||| Stepping ~*~*~tactically~*~*~ (outnumbered).
  5359 | D:7      | 5359 ||| INVOKING Spit Poison.
  5363 | D:7      | 5363 ||| INVOKING Spit Poison.
  5367 | D:7      | 5367 ||| INVOKING Spit Poison.
  5369 | D:7      | 5369 ||| INVOKING Heroism.
  5370 | D:7      | 5370 ||| INVOKING Spit Poison.
  5371 | D:7      | HP: 16/67 [Maggie/+2 morningstar of draining (7)]
  5375 | D:7      | 5375 ||| INVOKING Spit Poison.
  5375 | D:7      | HP: 4/65 [Maggie/+2 morningstar of draining (9)]
  5375 | D:7      | Slain by Maggie

Levels and vault maps discovered:
D:1:      dpeg_arrival_pits, layout_loops_ring, serial_shops, shop
D:2:      layout_basic
D:3:      layout_basic, dancing_weapons_uskayaw, mainiacjoe_overflow_24_doors
D:4:      layout_cave_pods, minmay_temple_entry_nine_rooms
D:5:      layout_cave_pools
D:6:      layout_loops_ring, portal_sewer_entry_e,
          amcnicky_altar_lugonu_corruption
D:7:      layout_gridville, uniq_maggie
Temple:   nicolae_temple_hex_pool

Skill      XL: |  1  2  3  4  5  6  7  8 |
---------------+-------------------------+-----
Ranged Weapons | 4 5 6 7 |  7.5
Fighting       | 3 4 |  4.0
Invocations    | 3 4 |  4.0
Dodging        | 2 |  2.7
Armour         | |  0.8
Stealth        | |  1.5

Action                     |  1- 3 |  4- 6 |  7- 9 || total
---------------------------+-------+-------+-------++-------
   Fire: Shortbow          |    71 |   130 |   115 ||   316
 Invoke: Heroism           |       |     1 |     5 ||     6
Ability: Spit Poison       |    25 |    36 |    23 ||    84
    Use: Scroll            |     2 |     4 |     3 ||     9
         Potion            |       |     3 |       ||     3
 Armour: Leather armour    |     3 |    17 |    29 ||    49
  Dodge: Dodged            |    12 |    23 |    47 ||    82

Table legend:
 A = Non-vault XP
 B = Vault XP
 C = Vault XP percentage of total XP
 D = Non-vault monster count
 E = Vault monster count
 F = Vault count percentage of total count
                 A         B        C        D         E       F
            +---------+---------+-------+---------+---------+-------
      Total |    1502 |      28 |   1.8 |      95 |       8 |   7.8
            +---------+---------+-------+---------+---------+-------
        D:1 |      36 |       0 |   0.0 |      24 |       0 |   0.0
        D:2 |      91 |       0 |   0.0 |      19 |       0 |   0.0
        D:3 |      73 |       0 |   0.0 |      18 |       0 |   0.0
        D:4 |      47 |       0 |   0.0 |       9 |       0 |   0.0
        D:5 |     245 |       0 |   0.0 |       8 |       0 |   0.0
        D:6 |     940 |      28 |   2.9 |      15 |       8 |  34.8
        D:7 |      70 |       0 |   0.0 |       2 |       0 |   0.0
            +---------+---------+-------+---------+---------+-------
